 Dungeon Crawl Stone Soup version 0.20-a0-77-g476458c (webtiles) character file.

28 KristoblXynda the Charmwright (level 3, -1/29 HPs)
             Began as a Draconian Skald on Nov 19, 2016.
             Slain by a gnoll
             ... wielding a +0 spear
              (11 damage)
             ... on level 1 of the Dungeon.
             The game lasted 00:01:21 (842 turns).

KristoblXynda the Charmwright (Draconian Skald)      Turns: 842, Time: 00:01:21

Health: -1/29      AC:  5    Str: 14    XL:     3   Next: 0%
Magic:  6/6        EV: 12    Int: 13    God:
Gold:   39         SH:  0    Dex: 10    Spells: 1 memorised, 5 levels left

rFire  . . .     SeeInvis .     a - +0 hand axe
rCold  . . .     Gourm    .     (armour unavailable)
rNeg   . . .     Faith    .     (no shield)
rPois  .         Spirit   .     (helmet restricted)
rElec  .         Reflect  .     (no cloak)
rCorr  .         Harm     .     (no gloves)
MR     .....                    (no boots)
Stlth  +.........               (no amulet)
                                (no ring)
                                (no ring)

@: no status effects
A: unfitting armour, cold-blooded, AC +5
a: no special abilities


You were on level 1 of the Dungeon.
You were not hungry.

You visited 1 branch of the dungeon, and saw 1 of its levels.

You collected 39 gold pieces.

Inventory:

Hand Weapons
 a - a +0 hand axe (weapon)
Missiles
 m - 2 javelins of penetration (quivered)
Scrolls
 e - a scroll of amnesia {unknown}
 h - 5 scrolls of magic mapping {unknown}
 i - a scroll of immolation {unknown}
 n - a scroll of remove curse {unknown}
Potions
 f - a potion of agility {unknown}
 g - a potion of invisibility {unknown}
 j - a potion of curing {unknown}
 k - 2 potions of cancellation {unknown}
 l - a potion of degeneration {unknown}
Books
 b - a book of Battle

   Spells                             Type                      Level
   a - Infusion                       Charms                       1
   b - Shroud of Golubria             Charms/Translocation         2
   c - Song of Slaying                Charms                       2
   d - Spectral Weapon                Hexes/Charms                 3
   e - Regeneration                   Charms/Necromancy            3
Comestibles
 c - a bread ration
 d - a meat ration


   Skills:
 - Level 2.1 Fighting
 + Level 2.6 Axes
 + Level 1.9 Dodging
 - Level 2.0 Spellcasting
 + Level 3.1 Charms


You had 5 spell levels left.
You knew the following spells:

 Your Spells              Type           Power        Failure   Level  Hunger
a - Infusion              Chrm           #...         10%         1    ##.....


Dungeon Overview and Level Annotations

Branches:
Dungeon (1/15)

Altars:


Innate Abilities, Weirdness & Mutations

Your plain brown scales are hard. (AC +5)
You cannot fit into any form of body armour.
You are cold-blooded and may be slowed by cold attacks.


Message History

Found 11 sling bullets.
A gnoll comes into view. It is wielding a spear.
The gnoll shouts!
The gnoll hits you from afar with a spear.
The gnoll hits you with a spear.
You hit the gnoll.
Your tail-slap misses the gnoll.
The gnoll is lightly wounded.
The gnoll hits you with a spear.
You hit the gnoll but do no damage.
Your tail-slap misses the gnoll.
The gnoll is lightly wounded.
The gnoll hits you with a spear.
You barely miss the gnoll.
The gnoll is lightly wounded.
The gnoll hits you with a spear.
Okay, then.
The gnoll hits you with a spear.
You slash the gnoll!
The gnoll is severely wounded.
The gnoll misses you. The gnoll hits you with a spear!
You die...

.###.##.# #.###(####### #.#
......#.####...........# #.#
.###..#.#....###.#####.# #.#
.# #.(#....#.# #†# #.# #.#
.# #..#......###.# #.# #.#
.# #.............# #.###.#
.###>.#.g...###### #..##>#
...........############.##.#
####.).........g@....##.##.#
#.###...#####...........#
#.# ##..# #.###.##.#### #.#
##.# #.# #.##.# #.# .# #.#
#.##.# #.# # #.# #.##.# #.#
#.# #.##.#
##.#####.#####.###.##.#
..... .......#...#.##.#


You could see a gnoll.

Vanquished Creatures
  3 dart slugs (D:1)
  5 goblins (D:1)
  A hobgoblin (D:1)
  4 jackals (D:1)
  A ball python (D:1)
  2 bats (D:1)
  A frilled lizard (D:1)
  3 kobolds (D:1)
20 creatures vanquished.

Notes
Turn   | Place    | Note
-------+----------+-------------------------------------------
     0 | D:1      | KristoblXynda the Draconian Skald began the quest for the Orb.
     0 | D:1      | Reached XP level 1. HP: 17/17 MP: 3/3
   240 | D:1      | Reached XP level 2. HP: 20/24 MP: 5/5
   333 | D:1      | Reached skill level 3 in Charms
   798 | D:1      | Reached XP level 3. HP: 27/29 MP: 6/6
   842 | D:1      | Slain by a gnoll

Vault maps used:
D:1:      lightli_arrival_windingriver

Skill      XL: |  1  2 |
---------------+-------+-----
Charms         | 3 |  3.1
Fighting       | |  2.1
Axes           | |  2.6
Dodging        | |  1.9
Spellcasting   | |  2.0

Action                   || total
-------------------------++-------
Melee: Hand axe          ||    75
       Tailslap          ||     6
 Stab: Sleeping          ||     1
Armor: Skin              ||    23
Dodge: Dodged            ||    51
